 Dungeon Crawl Stone Soup version 0.30.1-9-gdf580d7c3d (webtiles) character file.

Game seed: 334262290742943108

487 monsoonserge the Slasher (level 7, 0/60 HPs)
             Began as a Meteoran Monk on Oct 19, 2023.
             Was a Believer of Makhleb.
             Slain by an adder (1 damage)
             ... on level 5 of the Dungeon.
             The game lasted 00:15:58 (2702 turns).

monsoonserge the Slasher (Meteoran Monk)            Turns: 2702, Time: 00:15:59

Health: 0/60       AC:  5    Str: 12    XL:     7   Next: 63%
Magic:  0/9        EV: 14    Int: 11    God:    Makhleb [**....]
Gold:   317        SH:  4    Dex: 20    Spells: 6/6 levels left

rFire   . . .        B - +2 long sword (heavy)
rCold   . . .        G - +0 buckler
rNeg    . . .        e - +0 leather armour
rPois   .            (no helmet)
rElec   .            A - +0 cloak
rCorr   .            (no gloves)
SInv    .            y - +0 pair of boots
Will    .....        g - amulet of guardian spirit
Stlth   +            (no ring)
HPRegen 0.30/turn    (no ring)
MPRegen 0.11/turn

%: guardian spirit
@: lethally poisoned (0 -> -8), glowing
A: sense surroundings 1, otherworldly, glowing, explore regen
a: Renounce Religion, Minor Destruction


You were on level 5 of the Dungeon.
You worshipped Makhleb.
Makhleb was pleased with you.
You visited 1 branch of the dungeon, and saw 5 of its levels.
You also visited: Sewer.

You collected 317 gold pieces.

Inventory:

Hand Weapons
 a - a +0 falchion
 s - a +0 rapier
 B - a +2 heavy long sword (weapon)
Missiles
 o - 5 poisoned darts (quivered)
 v - 2 curare-tipped darts
Armour
 b - a +0 robe
 d - an orb of light
 e - a +0 leather armour (worn)
 m - a +0 ring mail
 q - a +0 scale mail
 y - a +0 pair of boots (worn)
 z - a +0 chain mail
 A - a +0 cloak (worn)
 G - a +0 buckler (worn)
Jewellery
 g - an amulet of guardian spirit (around neck)
Wands
 u - a wand of light (5)
Scrolls
 h - 2 scrolls of blinking {unknown}
 j - a scroll of amnesia
 x - 2 scrolls of teleportation
 C - a scroll of identify
 D - a scroll of acquirement {unknown}
 E - 2 scrolls of enchant weapon {unknown}
 F - a scroll of fog {unknown}
Potions
 c - a potion of ambrosia
 f - a potion of curing
 i - a potion of degeneration {unknown}
 k - 3 potions of attraction {unknown}
 l - 2 potions of might
 n - a potion of heal wounds
 p - a potion of lignification {unknown}
 r - 6 potions of flight
 t - a potion of brilliance {unknown}
 w - a potion of cancellation {unknown}


   Skills:
 + Level 4.7 Fighting
 + Level 7.1 Long Blades
 + Level 0.1 Throwing
 + Level 1.3 Armour
 + Level 5.0 Dodging
 + Level 0.3 Stealth
 + Level 0.1 Shields
 * Level 2.4 Invocations


You had 6 spell levels left.
You didn't know any spells.
Your spell library contained the following spells:

 Spells                   Type           Power      Damage    Failure   Level
 Kiss of Death            Conj/Necr      0%         2d5       54%         1
 Slow                     Hex            0%         N/A       54%         1
 Ensorcelled Hibernation  Hex/Ice        0%         N/A       69%         2
 Passwall                 Tmut/Erth      0%         N/A       69%         2
 Confusing Touch          Hex            0%         N/A       89%         3
 Swiftness                Air            0%         N/A       89%         3
 Vampiric Draining        Necr           0%         2d6       89%         3
 Dispel Undead            Necr           0%         3d6       100%        4


Dungeon Overview and Level Annotations

Branches:
Dungeon (5/15) Zot: 617     Sewer (visited)
 Temple: D:4-7

Altars:
Kikubaaqudgha
Makhleb
Trog
Xom

Annotations:
D:5 Pikel


Innate Abilities, Weirdness & Mutations

You passively map a small area around you.
You are easily found by Zot.
You glow in the dark.
You regain HP and MP as you explore.


Message History

* * * LOW HITPOINT WARNING * * *
You block the orc's attack. You block the adder's attack.
Unknown command.
You miss something. Something hits you.
* * * LOW HITPOINT WARNING * * *
You block the adder's attack. The orc misses you.
The orc hits you with a +0 flail.
* * * LOW HITPOINT WARNING * * *
You hear some strange, mumbled words.
A puff of flame appears from out of thin air!
The puff of flame misses you. The adder barely misses you.
You feel much better. The adder closely misses you. Something hits you.
The orc hits you with a +0 flail.
You hit something. You block the adder's attack. Something hits you.
The orc hits you but does no damage. The adder bites you but does no damage.
You slash something! Makhleb accepts your kill.
Reactivating autopickup.
You feel a bit more experienced. The adder misses you.
The orc hits you with a +0 flail!
* * * LOW HITPOINT WARNING * * *
The adder barely misses you. The orc hits you with a +0 flail.
* * * LOW HITPOINT WARNING * * *
You slash the orc!
You kill the orc!
Makhleb accepts your kill. The adder bites you.
* * * LOW HITPOINT WARNING * * *
You are poisoned.
The adder poisons you! The adder bites you but does no damage.
The adder bites you.
* * * LOW HITPOINT WARNING * * *
You are more poisoned.
The adder poisons you!
You slash the adder!
The adder is almost dead.
* * * LOW HITPOINT WARNING * * *
You feel very sick. The adder bites you.
You die...

.. #...#* , , .
##...## *, , ,
#.....# ,, *
#.....# , *
##.#...## * * ,
#..##...##
#..###...## #
##.## ##...##* ,
######..#
##.)@#* *
........#
**#.)S)>.# *
......###
#........#
.....##
#........## *
##...#*
........... *
##...#*
............
##..##
.............
##..#*
..............,,
#..# , , ,


You could see an adder.

Vanquished Creatures
  3 lemures (D:4)
  A hound (D:4)
  2 orc priests
  A sleepcap (D:4)
  Crazy Yiuf (D:3)
  5 orc wizards
  A sickly merfolk siren (Sewer)
  A malarious merfolk avatar (Sewer)
  4 adders
  A river rat (Sewer)
  2 worms (D:3)
  2 dart slugs
  13 orcs
  9 bats
  9 endoplasms
  8 giant cockroaches
  4 goblins
  6 hobgoblins
  3 jackals (D:1)
  2 quokkas
  10 ball pythons
  6 frilled lizards
  6 kobolds
  20 rats (Sewer)
120 creatures vanquished.

Notes
Turn   | Place    | Note
-------+----------+-------------------------------------------
     0 | D:1      | monsoonserge the Meteoran Monk began the quest for the Orb.
     0 | D:1      | Reached XP level 1. HP: 19/19 MP: 2/2
   112 | D:1      | Reached XP level 2. HP: 22/26 MP: 3/3
   270 | D:1      | Reached XP level 3. HP: 33/33 MP: 4/4
   279 | D:1      | Reached skill level 4 in Long Blades
   492 | D:1      | Glimpsed the power of Zot.
   628 | D:2      | Found a shimmering altar of Xom.
   843 | D:2      | Reached XP level 4. HP: 40/40 MP: 5/5
   976 | D:3      | Found a bloodstained altar of Trog.
  1181 | D:3      | Found a faded altar of an unknown god.
  1212 | D:3      | Found a glowing drain.
  1249 | Sewer    | Entered a sewer
  1275 | Sewer    | Reached XP level 5. HP: 43/47 MP: 4/6
  1347 | Sewer    | Reached skill level 5 in Long Blades
  1473 | Sewer    | Reached XP level 6. HP: 25/53 MP: 7/7
  1479 | Sewer    | Reached skill level 6 in Long Blades
  1774 | D:3      | Found a runed translucent door.
  1775 | D:3      | Noticed Crazy Yiuf
  1785 | D:3      | Killed Crazy Yiuf
  2067 | D:4      | Found a burning altar of Makhleb.
  2072 | D:4      | Became a worshipper of Makhleb the Destroyer
  2072 | D:4      | Reached * piety under Makhleb
  2072 | D:4      | Reached ** piety under Makhleb
  2210 | D:4      | Reached skill level 1 in Invocations
  2210 | D:4      | Reached XP level 7. HP: 37/60 MP: 5/9
  2263 | D:4      | Found an ancient bone altar of Kikubaaqudgha.
  2384 | D:5      | Entered Level 5 of the Dungeon
  2384 | D:5      | Noticed Pikel
  2537 | D:5      | Reached skill level 1 in Armour
  2541 | D:5      | Reached skill level 5 in Dodging
  2690 | D:5      | Reached skill level 7 in Long Blades
  2702 | D:5      | HP: 1/60 [poisoned by an adder]
  2702 | D:5      | Slain by an adder

Illustrated notes

Levels and vault maps discovered:
D:1:      dpeg_arrival_castle, layout_loops_ring, serial_forest,
          infiniplex_forest_corner_1, infiniplex_forest_clump_medium,
          infiniplex_forest_lined_4_way, infiniplex_forest_straight_3,
          infiniplex_forest_corner_2, infiniplex_forest_diagonal,
          infiniplex_forest_clump_long, minmay_octomino_j4
D:2:      cheibrodos_old_hovel, layout_loops_ring, serial_shops,
          nicolae_shop_peninsula, basic_altar
D:3:      layout_rooms, lightli_temple_of_fire, cheibrodos_sewer_entry_bend,
          chequers_ecumenical_altar_twisty, grunt_ministairs_3,
          uniq_crazy_yiuf_cottage
D:4:      layout_loops_ring, kiku_gazebo_garden_becter,
          mainiacjoe_overflow_alcove_2, kennysheep_orc_chapel
D:5:      kennysheep_spiral_hall, layout_layer_cave, serial_glass,
          glass_columns_a, glass_columns_c, uniq_pikel

Skill      XL: |  1  2  3  4  5  6  7 |
---------------+----------------------+-----
Long Blades    | 4 5 6 7 |  7.1
Dodging        | 4 5 |  5.0
Fighting       | 4 |  4.7
Invocations    | 1 2 |  2.4
Armour         | 1 |  1.3
Throwing       | |  0.1
Stealth        | |  0.3
Shields        | |  0.1

Action                     |  1- 3 |  4- 6 |  7- 9 || total
---------------------------+-------+-------+-------++-------
  Melee: Falchion          |    72 |   162 |       ||   234
         Rapier            |     1 |       |       ||     1
         Long sword        |       |    14 |    42 ||    56
  Throw: Dart              |       |     2 |       ||     2
 Invoke: Minor Destruction |       |       |     1 ||     1
    Use: Scroll            |       |     4 |       ||     4
         Potion            |       |       |     1 ||     1
 Armour: Leather armour    |    20 |    18 |    20 ||    58
         Robe              |     3 |       |       ||     3
         Ring mail         |    11 |       |       ||    11
         Scale mail        |     1 |    47 |       ||    48
  Dodge: Dodged            |    43 |    89 |    55 ||   187
  Block: Buckler           |       |       |    14 ||    14
